 Dungeon Crawl Stone Soup version 0.31-a0-188-g5e087ee2ca (webtiles) character file.

Game seed: 10677910464716355058

74 qw the Shooter (level 4, -1/25 HPs)
             Began as a Deep Elf Hunter on June 23, 2023.
             Frozen to death by an endoplasm (4 damage)
             ... on level 3 of the Dungeon.
             The game lasted 00:00:40 (1618 turns).

qw the Shooter (Deep Elf Hunter)                    Turns: 1618, Time: 00:00:40

Health: -1/25      AC:  6    Str: 10    XL:     4   Next: 10%
Magic:  6/6        EV: 11    Int: 14    God:
Gold:   93         SH:  0    Dex: 18    Spells: 3/3 levels left

rFire   . . .        g - +0 shortbow (heavy)
rCold   . . .        (shield currently unavailable)
rNeg    . . .        d - +0 ring mail
rPois   .            (no helmet)
rElec   .            (no cloak)
rCorr   .            k - +0 pair of gloves
SInv    .            (no boots)
Will    .....        (no amulet)
Stlth   +            (no ring)
HPRegen 0.24/turn    (no ring)
MPRegen 0.10/turn

%: no passive effects
@: no status effects
A: no striking features
a: no special abilities


You were on level 3 of the Dungeon.
You visited 1 branch of the dungeon, and saw 3 of its levels.

You collected 93 gold pieces.


   Skills:
 - Level 1.5 Fighting
 + Level 7.5 Ranged Weapons
 - Level 2.4 Dodging
 - Level 1.2 Stealth


You had 3 spell levels left.
You didn't know any spells.
Your spell library was empty.

Inventory:

Hand Weapons
 g - a +0 heavy shortbow (weapon)
Armour
 d - a +0 ring mail (worn)
 k - a +0 pair of gloves (worn)
Scrolls
 h - a scroll of identify
Potions
 a - a potion of cancellation
 c - a potion of degeneration {unknown}
 f - a potion of magic {unknown}
 i - a potion of lignification {unknown}
 j - a potion of curing {unknown}

Dungeon Overview and Level Annotations

Branches:
Dungeon (3/15)

Altars:

Portals:
Sewer: D:3

Annotations:
D:3 Grinder


Message History

Found a glowing drain.
Enter note:
1607 ||| READING scroll labelled WAOCAGH PEREUT.
As you read the scroll labelled WAOCAGH PEREUT, it crumbles to dust.
You feel strangely unstable.
It was a scroll of teleportation.
You start waiting.
Your surroundings suddenly seem different.
Found a stone staircase leading up.
Enter note:
1612 ||| READING 2 scrolls of identify.
As you read the scroll of identify, it crumbles to dust.
a - a potion of cancellation;
1612 ||| IDENTIFYING pink potion Grinder and an endoplasm come into view.
Grinder shouts!
You hear a shout!
A kobold comes into view. It is wielding a +0 short sword.
Enter note: You shoot an arrow.
The endoplasm quivers.
The arrow hits Grinder!
Grinder is moderately wounded.
A jackal comes into view.
Grinder says, "Make like a tree!"
Grinder barely misses you. Grinder hits you.
You writhe in agony.
You shoot an arrow. The arrow barely misses Grinder.
The jackal barks!
Grinder hits you!
You writhe in agony.
You shoot an arrow. The arrow barely misses Grinder.
Grinder hits you but does no damage.
The endoplasm hits you but does no damage.
The kobold hits you but does no damage.
Grinder says, "I used to sell toenails on the black market."
Grinder hits you.
You writhe in agony.
You shoot an arrow. The arrow hits Grinder.
Grinder is moderately wounded.
The endoplasm hits you but does no damage.
The kobold hits you but does no damage. Grinder hits you but does no damage.
The jackal barely misses you. Grinder misses you. The endoplasm freezes you.
You are frozen.
You die...

##### #... #..#
#..# #..# #K.#
#@h#
#.....5J.......
###
##.............
...
...........####
###
...###.<..^# .#
#.....# #.#####
#. .## #..


You could see Grinder, an endoplasm, a jackal and a kobold.

Vanquished Creatures
  2 adders (D:2)
  A dart slug (D:3)
  3 orcs (D:3)
  An endoplasm (D:2)
  A giant cockroach (D:2)
  5 goblins
  6 hobgoblins
  4 jackals (D:2)
  6 kobolds
  3 quokkas
  5 ball pythons
  3 bats
  2 frilled lizards (D:2)
  3 rats
45 creatures vanquished.

Notes
Turn   | Place    | Note
-------+----------+-------------------------------------------
     0 | D:1      | qw the Deep Elf Hunter began the quest for the Orb.
     0 | D:1      | Reached XP level 1. HP: 12/12 MP: 3/3
     0 | D:1      | 0 ||| qw: Version: 0.3-a-9-g12657ce
     0 | D:1      | 0 ||| qw: Game counter: 4007
     0 | D:1      | 0 ||| qw: Always use a shield: true
     0 | D:1      | 0 ||| qw: God list: Okawaru
     0 | D:1      | 0 ||| qw: Allow faded altars: false
     0 | D:1      | 0 ||| qw: Do Orc after D:15 true
     0 | D:1      | 0 ||| qw: Do second Lair branch before Depths: true
     0 | D:1      | 0 ||| qw: Lair rune preference: random
     0 | D:1      | 0 ||| qw: Plans: Normal
     0 | D:1      | 0 ||| PLANNING D:1-11
   292 | D:1      | HP: 2/12 [hobgoblin (4)]
   335 | D:1      | 335 ||| FLEEEEING.
   379 | D:1      | Reached XP level 2. HP: 16/16 MP: 4/4
   421 | D:1      | Reached skill level 6 in Ranged Weapons
   867 | D:1      | 867 ||| UPGRADING to +0 ring mail.
   877 | D:1      | 877 ||| DROPPING +0 leather armour.
   878 | D:1      | 878 ||| DROPPING scarf of harm.
   879 | D:1      | 879 ||| READING scroll labelled OLUR UFIYQE.
   880 | D:1      | 880 ||| READING scroll labelled ILEJIKHL GYVVONI.
   881 | D:1      | 881 ||| DROPPING scroll of butterflies.
   995 | D:2      | Reached XP level 3. HP: 18/20 MP: 5/5
  1143 | D:2      | 1143 ||| Stepping ~*~*~tactically~*~*~ (outnumbered).
  1149 | D:2      | Reached skill level 7 in Ranged Weapons
  1224 | D:2      | 1224 ||| UPGRADING to +0 pair of gloves.
  1229 | D:2      | 1229 ||| READING scroll labelled GIEFFUASAWOI.
  1230 | D:2      | 1230 ||| READING 2 scrolls labelled ONLOENEXEH.
  1231 | D:2      | 1231 ||| READING scroll labelled QENTIC MIMUOPP.
  1232 | D:2      | 1232 ||| DRINKING 2 orange potions.
  1233 | D:2      | 1233 ||| DROPPING potion of brilliance.
  1235 | D:2      | 1235 ||| Stepping ~*~*~tactically~*~*~ (cloud).
  1353 | D:3      | 1353 ||| PLANNING SEWER
  1466 | D:3      | Reached XP level 4. HP: 25/25 MP: 6/6
  1606 | D:3      | Found a glowing drain.
  1607 | D:3      | 1607 ||| READING scroll labelled WAOCAGH PEREUT.
  1612 | D:3      | 1612 ||| READING 2 scrolls of identify.
  1612 | D:3      | 1612 ||| IDENTIFYING pink potion
  1614 | D:3      | Noticed Grinder
  1617 | D:3      | HP: 2/25 [Grinder (6)]
  1618 | D:3      | Frozen to death by an endoplasm

Levels and vault maps discovered:
D:1:      eino_arrival_cavern_a, layout_loops_corners
D:2:      layout_basic
D:3:      layout_loops_ring, fedhas_altar_1, cheibrodos_sewer_entry_bend,
          uniq_grinder

Skill      XL: |  1  2  3 |
---------------+----------+-----
Ranged Weapons | 6 7 |  7.5
Fighting       | |  1.5
Dodging        | |  2.4
Stealth        | |  1.2

Action                     |  1- 3 |  4- 6 || total
---------------------------+-------+-------++-------
   Fire: Shortbow          |    97 |     9 ||   106
    Use: Scroll            |     5 |     2 ||     7
         Potion            |     1 |       ||     1
 Armour: Leather armour    |     4 |       ||     4
         Ring mail         |    18 |     6 ||    24
  Dodge: Dodged            |    38 |     3 ||    41

Table legend:
 A = Non-vault XP
 B = Vault XP
 C = Vault XP percentage of total XP
 D = Non-vault monster count
 E = Vault monster count
 F = Vault count percentage of total count
                 A         B        C        D         E       F
            +---------+---------+-------+---------+---------+-------
      Total |     107 |       0 |   0.0 |      45 |       0 |   0.0
            +---------+---------+-------+---------+---------+-------
        D:1 |      27 |       0 |   0.0 |      16 |       0 |   0.0
        D:2 |      56 |       0 |   0.0 |      19 |       0 |   0.0
        D:3 |      24 |       0 |   0.0 |      10 |       0 |   0.0
            +---------+---------+-------+---------+---------+-------
